 Dungeon Crawl Stone Soup version 0.29-a0-920-g5d2155ec51 (webtiles) character file.

Game seed: 14809349401822987592

210 Querens the Shield-Bearer (level 6, -3/53 HPs)
             Began as a Meteoran Fighter on July 27, 2022.
             Killed from afar by an orc wizard (7 damage)
             ... with a puff of flame
             ... on level 4 of the Dungeon.
             The game lasted 00:07:47 (1907 turns).

Querens the Shield-Bearer (Meteoran Fighter)        Turns: 1907, Time: 00:07:47

Health: -3/53      AC: 13    Str: 20    XL:     6   Next: 35%
Magic:  7/7        EV:  9    Int:  9    God:
Gold:   155        SH:  5    Dex: 14    Spells: 5/5 levels left

rFire   . . .      SeeInvis .   a - +0 war axe
rCold   . . .      Faith    .   c - +0 buckler
rNeg    . . .      Spirit   .   b - +0 scale mail
rPois   .          Reflect  .   r - +2 helmet
rElec   .          Harm     .   p - +0 cloak
rCorr   .          Rampage  .   (no gloves)
Will    .....                   v - +0 pair of boots
Stlth   ..........              (no amulet)
HPRegen 0.17/turn               (no ring)
MPRegen 0.10/turn               (no ring)

@: glowing
A: sense surroundings 1, otherworldly, glowing, explore regen
a: no special abilities


You were on level 4 of the Dungeon.
You visited 1 branch of the dungeon, and saw 4 of its levels.

You collected 155 gold pieces.

Inventory:

Hand Weapons
 a - a +0 war axe (weapon)
Armour
 b - a +0 scale mail (worn)
 c - a +0 buckler (worn)
 p - a +0 cloak (worn)
 r - a +2 helmet (worn)
 v - a +0 pair of boots (worn)
Jewellery
 x - a ring of wizardry
Wands
 t - a wand of flame (20)
Scrolls
 g - 2 scrolls of teleportation {unknown}
 h - a scroll of brand weapon {unknown}
 i - a scroll of amnesia {unknown}
 k - a scroll of torment {unknown}
 l - 3 scrolls of identify {unknown}
 m - a scroll of enchant armour {unknown}
 n - a scroll of vulnerability {unknown}
 u - a scroll of noise {unknown}
Potions
 d - 2 potions of might
 e - 2 potions of mutation {unknown}
 f - a potion of brilliance {unknown}
 j - a potion of attraction {unknown}
 o - 2 potions of curing
 q - a potion of haste {unknown}
 s - a potion of flight {unknown}
 w - a potion of resistance {unknown}


   Skills:
 + Level 4.4 Fighting
 + Level 4.0 Axes
 + Level 4.9 Armour
 + Level 5.0 Shields


You had 5 spell levels left.
You didn't know any spells.
Your spell library contained the following spells:

 Spells                   Type           Power      Damage    Failure   Level
 Call Canine Familiar     Summ           0%         N/A       99%         3
 Portal Projectile        Hex/Tloc       0%         N/A       99%         3
 Stone Arrow              Conj/Erth      0%         3d7       99%         3
 Animate Armour           Summ/Erth      0%         N/A       100%        4
 Leda's Liquefaction      Hex/Erth       0%         N/A       100%        4
 Lehudib's Crystal Spear  Conj/Erth      0%         10d2      100%        8


Dungeon Overview and Level Annotations

Branches:
Dungeon (4/15) Zot: 613
 Temple: D:4-7

Altars:


Innate Abilities, Weirdness & Mutations

You passively map a small area around you.
You are easily found by Zot.
You glow in the dark.
You regain HP and MP as you explore.


Message History

You barely miss something. You hit the goblin.
You kill the goblin!
You hit the orc. You hit the orc but do no damage.
The orc hits you but does no damage. The orc barely misses you.
Something hits you.
You closely miss something. You barely miss the orc. You slash the orc!
You kill the orc!
The orc hits you but does no damage. Something hits you.
You closely miss something. You hit the orc.
You kill the orc!
Something hits you but does no damage. x2
Your Shields skill increases to level 5!
Unknown command.
You closely miss something. Something hits you but does no damage.
You closely miss something. Something hits you but does no damage.
You miss something. Something hits you but does no damage.
You hear some strange, mumbled words.
A puff of flame appears from out of thin air!
The puff of flame hits you!
You barely miss something. Something hits you.
You barely miss something. Something hits you. x2
You barely miss something.
You hear the slow rusting of a distant drain.
You hear some strange, mumbled words.
A puff of flame appears from out of thin air!
The puff of flame hits you!
* * * LOW HITPOINT WARNING * * *
You completely miss something. Something hits you but does no damage.
Something hits you but does no damage.
Things that are here:
a +2 flail of venom; an orc corpse You hear some strange, mumbled words.
A magic dart appears from out of thin air!
The magic dart hits you.
* * * LOW HITPOINT WARNING * * *
Something hits you but does no damage.
An orc wizard appears from thin air!
Reactivating autopickup.
The orc wizard points at you and mumbles some strange words.
The puff of flame hits you!
You die...

#....................#.....+
#...........†......).+.....#
########.####..#####'#.....#
, ,, #######..##...........
, #..#......#........... *,
, #..'......#...........
..###########........... ,
.........)....##+##.....
.......@.)....#, *..... ,
,.........o)...#, , ..... ,
..............# , ..... ,
,..............# ...
,........####### ,,
######### * ,, , * *


You could see an orc wizard.

Vanquished Creatures
  Crazy Yiuf (D:2)
  An orc priest (D:4)
  Ijyb (D:3)
  Robin (D:2)
  3 adders (D:2)
  A worm (D:3)
  3 dart slugs
  6 orcs
  5 endoplasms
  2 giant cockroaches (D:3)
  13 goblins
  6 hobgoblins
  4 jackals (D:3)
  7 kobolds
  4 quokkas
  3 ball pythons
  3 bats
  5 frilled lizards
  4 rats
73 creatures vanquished.

Notes
Turn   | Place    | Note
-------+----------+-------------------------------------------
     0 | D:1      | Querens the Meteoran Fighter began the quest for the Orb.
     0 | D:1      | Reached XP level 1. HP: 19/19 MP: 2/2
    66 | D:1      | Reached XP level 2. HP: 23/26 MP: 3/3
   408 | D:1      | Reached XP level 3. HP: 29/31 MP: 4/4
   481 | D:1      | Glimpsed the power of Zot.
   530 | D:1      | Glimpsed the power of Zot.
   570 | D:1      | Glimpsed the power of Zot.
   580 | D:1      | Touched by the power of Zot.
   614 | D:2      | Reached skill level 4 in Shields
   759 | D:2      | Reached XP level 4. HP: 30/30 MP: 5/5
   898 | D:2      | HP: 1/32 [frozen (3)]
   948 | D:2      | Noticed Robin
   968 | D:2      | Killed Robin
   974 | D:2      | Reached XP level 5. HP: 9/41 MP: 6/6
  1105 | D:2      | Found a runed translucent door.
  1106 | D:2      | Noticed Crazy Yiuf
  1115 | D:2      | Killed Crazy Yiuf
  1582 | D:3      | Noticed Ijyb
  1597 | D:3      | Killed Ijyb
  1598 | D:3      | Reached XP level 6. HP: 16/51 MP: 7/7
  1898 | D:4      | Reached skill level 5 in Shields
  1907 | D:4      | Killed from afar by an orc wizard

Illustrated notes

Levels and vault maps discovered:
D:1:      eino_arrival_tree_alley, layout_loops_ring, grunt_decor_clamped
D:2:      minmay_alternating_diamond, layout_loops_cross,
          uniq_crazy_yiuf_cottage, uniq_robin
D:3:      layout_basic, uniq_ijyb
D:4:      layout_gridville, portal_sewer_entry_d

Skill      XL: |  1  2  3  4  5  6 |
---------------+-------------------+-----
Axes           | 3 4 |  4.0
Armour         | 4 |  4.9
Shields        | 4 5 |  5.0
Fighting       | 4 |  4.4

Action                   |  1- 3 |  4- 6 || total
-------------------------+-------+-------++-------
Melee: War axe           |    63 |   147 ||   210
  Use: Potion            |       |     2 ||     2
Armor: Scale mail        |    48 |   100 ||   148
Dodge: Dodged            |    31 |    55 ||    86
Block: Buckler           |    22 |    36 ||    58

Table legend: (Time is in decaauts)
 A = Elapsed time spent in this place.
 B = Non-inter-level travel time spent in this place.
 C = Inter-level travel time spent in this place.
 D = Time resting spent in this place.
 E = Time spent auto-exploring this place.
 F = Levels seen in this place.
 G = Mean time per level.
                   A        B        C        D        E       F      G
               +--------+--------+--------+--------+--------+-----+--------+
         Total |   1986 |   1836 |    150 |      0 |      0 |   4 |  496.5 |
       Dungeon |   1986 |   1836 |    150 |      0 |      0 |   4 |  496.5 |
               +--------+--------+--------+--------+--------+-----+--------+

Top non-repeatable levels by time:
     D:2: 685 daAuts
     D:1: 602 daAuts
     D:3: 593 daAuts
     D:4: 104 daAuts
